 Dungeon Crawl Stone Soup version 0.29.1-1-gd02db6906a (webtiles) character file.

Game seed: 16410594238716933650

5887 quakins the Fighter (level 10, -4/72 HPs)
             Began as a Gargoyle Earth Elementalist on Oct 7, 2022.
             Slain by a flying skull (10 damage)
             ... on level 2 of the Abyss.
             The game lasted 00:27:20 (11267 turns).

quakins the Fighter (Gargoyle Earth Elementalist)  Turns: 11267, Time: 00:27:20

Health: -4/72      AC: 14    Str: 22    XL:     10   Next: 82%
Magic:  6/19       EV: 11    Int: 19    God:
Gold:   469        SH:  0    Dex:  9    Spells: 19/25 levels left

rFire   . . .      SeeInvis +   w - +2 dagger (protect)
rCold   . . .      Faith    .   (no shield)
rNeg    + . .      Spirit   .   n - +0 leather armour
rPois   ∞          Reflect  .   q - +0 helmet
rElec   +          Harm     .   (no cloak)
rCorr   .          Rampage  .   (no gloves)
Will    .....                   a - +2 pair of boots of Piadwe {Str+6 Stlth+}
Stlth   ++........              (no amulet)
HPRegen 0.22/turn               f - ring of see invisible
MPRegen 0.16/turn               (no ring)

@: brilliant, about to teleport, invisible, unable to drink
A: sickness immunity, AC +7, negative energy resistance 1, electricity
resistance, torment resistance 1, petrification resistance, low MP 1, strong 1,
inability to drink after injury 1, MP-powered wands
a: no special abilities


You were on level 2 of the Abyss.
You visited 1 branch of the dungeon, and saw 9 of its levels.
You visited the Abyss 1 time.
You also visited: Sewer.

You collected 469 gold pieces.

Inventory:

Hand Weapons
 w - a +2 dagger of protection (weapon)
Armour
 a - the +2 pair of boots of Piadwe (worn) {Str+6 Stlth+}
   (You found it on level 5 of the Dungeon)

   Str:       It affects your strength (+6).
   Stlth:     It makes you more stealthy.
 n - a +0 leather armour (worn)
 q - a +0 helmet (worn)
 r - a +0 scale mail of willpower
 y - a +0 kite shield
Magical Staves
 i - a staff of fire
Jewellery
 f - a ring of see invisible (left hand)
 B - an amulet of reflection
Wands
 E - a wand of polymorph (8)
Scrolls
 d - 3 scrolls of teleportation
 e - 3 scrolls of torment {unknown}
 g - 3 scrolls of vulnerability {unknown}
 l - 2 scrolls of butterflies {unknown}
 m - 2 scrolls of magic mapping
 o - 3 scrolls of amnesia
 p - a scroll of fear {unknown}
 x - a scroll of summoning {unknown}
 C - 3 scrolls of immolation {unknown}
 D - a scroll of enchant armour {unknown}
 H - a scroll of identify
 I - a scroll of blinking {unknown}
Potions
 b - 3 potions of magic
 c - 2 potions of might
 h - 5 potions of curing
 j - 2 potions of haste
 k - a potion of brilliance
 s - a potion of heal wounds {unknown}
 t - a potion of invisibility
 u - a potion of experience {unknown}
 v - 2 potions of mutation
 z - a potion of flight {unknown}
 A - a potion of cancellation {unknown}
 F - a potion of lignification {unknown}
 G - a potion of degeneration {unknown}


   Skills:
 * Level 12.6 Fighting
 - Level 1.5 Dodging
 - Level 2.1 Stealth
 - Level 8.0 Spellcasting
 - Level 6.0 Conjurations
 - Level 0.7 Transmutations
 - Level 6.0 Earth Magic


You had 19 spell levels left.
You knew the following spells:

 Your Spells              Type           Power      Damage    Failure   Level
a - Sandblast             Erth           90%        2d19      1%          1
b - Passwall              Tmut/Erth      25%        N/A       4%          2
c - Stone Arrow           Conj/Erth      90%        3d12      2%          3

Your spell library contained the following spells:

 Spells                   Type           Power      Damage    Failure   Level
 Blink                    Tloc           22%        N/A       16%         2
 Ensorcelled Hibernation  Hex/Ice        22%        N/A       16%         2
 Spider Form              Tmut/Pois      13%        N/A       26%         3
 Petrify                  Tmut/Erth      30%        N/A       26%         4
 Swiftness                Air            11%        N/A       30%         3
 Anguish                  Hex/Necr       5%         N/A       71%         4
 Corpse Rot               Necr/Pois/Air  11%        N/A       71%         4
 Dispel Undead            Necr           11%        3d9       71%         4
 Manifold Assault         Tloc           11%        N/A       96%         5
 Death Channel            Necr           5%         N/A       100%        6
 Storm Form               Tmut/Air       6%         N/A       100%        7


Dungeon Overview and Level Annotations

Branches:
Dungeon (9/15)             Temple (0/1) D:6           Sewer (visited)
   Lair: D:8-11         Orc: D:9-12

Altars:
Ashenzari
Cheibriados
Fedhas
Gozag
Hepliaklqana
Makhleb
Qazlal
Trog
Uskayaw
Zin

Annotations:
D:3 2 runed translucent doors, safid's ghost, amateur MiHu
D:9 Erolcha; Psyche


Innate Abilities, Weirdness & Mutations

You are immune to sickness and miasma.
Your stone body is resilient. (AC +7)
You are immune to poison.
You resist negative energy. (rN+)
You are resistant to electric shocks. (rElec)
You are resistant to unholy torment.
You are immune to petrification.
Your magical capacity is low. (-10% MP)
Your muscles are strong. (Str +4, Int/Dex -1)
You occasionally lose the ability to drink potions when taking damage.
You expend magic power (3 MP) to strengthen your wands.


Message History

* * * LOW HITPOINT WARNING * * *
The flying skull hits you.
* * * LOW HITPOINT WARNING * * *
Aiming: Stone Arrow (mildly dangerous; 2% risk of failure)
Press: ? - help, Q - select action, (/) - cycle Shift-Dir - straight line, f - flying skull
Aim: a flying skull (51% to hit)
The stone arrow hits the flying skull!
The flying skull is heavily damaged.
The flying skull hits you but does no damage.
As you read the scroll of teleportation, it crumbles to dust.
You feel strangely unstable.
You feel the power of the Abyss delaying your translocation!
The flying skull hits you but does no damage.
The flying skull closely misses you.
Aiming: Stone Arrow (mildly dangerous; 2% risk of failure)
Press: ? - help, Q - select action, (/) - cycle Shift-Dir - straight line, f/p - flying skull
Aim: a flying skull (heavily damaged, 51% to hit)
The stone arrow hits the flying skull!!
You destroy the flying skull!
It was a potion of mutation.
You feel extremely strange.
You feel less energetic.
You feel stronger.
You occasionally lose the ability to drink potions when taking damage.
You feel your magical essence link to the dungeon's wands.
The flying skull barely misses you. The flying skull closely misses you.
It was a potion of invisibility.
You fade into invisibility!
The flying skull hits you but does no damage.
It was a potion of brilliance.
You feel clever all of a sudden. The flying skull closely misses you.
The flying skull barely misses you.
Aiming: Stone Arrow (mildly dangerous; 2% risk of failure)
Press: ? - help, Q - select action, (/) - cycle Shift-Dir - straight line, f - flying skull
Aim: a flying skull (unable to see you, 54% to hit)
You feel a surge of power!
The stone arrow hits the flying skull!!
The flying skull is almost destroyed.
An iron imp comes into view.
The flying skull gives a hideous shriek!
The flying skull hits you!
You feel threatened and lose the ability to drink potions!
You die...

.. #§. . # .#.
#######.# ..
##@# #......
#z# #...####.#
#..#.##.... ..
#.#... .# ...#
#..##.#.#.#...#
#.#5..#.......#
...
##.##....#.#
...##...#.##.
#.# .##
.###.... ##


You could see a flying skull (wandering, unable to see you) and an iron imp
(wandering, unable to see you).

Vanquished Creatures
  3 kobold demonologists (D:9)
  A hornet (D:9)
  2 flying skulls (Abyss:2)
  4 yaks (D:8)
  Eustachio (D:6)
  A steam dragon (D:8)
  2 acid dragons (D:8)
  Duvessa (D:6)
  4 water moccasins
  2 orc warriors
  3 ice beasts
  A sky beast (D:6)
  3 ogres
  3 centaurs
  A phantom (D:7)
  6 kobold brigands
  4 bullfrogs
  2 gnoll sergeants
  4 scorpions
  3 necrophages
  Dowan (D:6)
  4 electric eels (D:8)
  A hound (D:5)
  A gnoll bouda (D:5)
  2 orc priests
  3 iguanas
  An orc wizard (D:6)
  8 gnolls
  7 adders
  3 white imps
  A worm (D:3)
  18 orcs
  5 endoplasms
  4 giant cockroaches
  7 goblins
  6 hobgoblins
  14 jackals
  24 kobolds
  2 quokkas
  12 ball pythons
  8 bats
  2 frilled lizards
  2 rats
187 creatures vanquished.

Vanquished Creatures (others)
  2 orcs (D:8)
  6 fungi (D:1)
  5 plants
13 creatures vanquished.

Grand Total: 200 creatures vanquished

Notes
Turn   | Place    | Note
-------+----------+-------------------------------------------
     0 | D:1      | quakins the Gargoyle Earth Elementalist began the quest for
                  | the Orb.
     0 | D:1      | Reached XP level 1. HP: 10/10 MP: 3/3
   159 | D:1      | Found a faded altar of an unknown god.
   169 | D:1      | Reached XP level 2. HP: 15/15 MP: 1/5
   502 | D:1      | Reached XP level 3. HP: 19/19 MP: 4/7
  1571 | D:2      | Reached XP level 4. HP: 24/24 MP: 4/9
  2382 | D:3      | Found a large runed translucent door.
  2383 | D:3      | Found a large runed translucent door.
  2385 | D:3      | Noticed safid's ghost (amateur MiHu)
  2550 | D:3      | Found a hazy altar of Hepliaklqana.
  2818 | D:4      | Found a glowing drain.
  2840 | D:4      | Reached XP level 5. HP: 27/28 MP: 6/11
  2846 | Sewer    | Entered a sewer
  2896 | Sewer    | Reached skill level 5 in Earth Magic
  2914 | Sewer    | Noticed a kobold brigand
  2927 | Sewer    | Killed a kobold brigand
  3237 | Sewer    | Learned a level 2 spell: Passwall
  3241 | Sewer    | Learned a level 3 spell: Stone Arrow
  3385 | Sewer    | Noticed a kobold brigand
  3392 | Sewer    | Killed a kobold brigand
  3393 | Sewer    | Reached XP level 6. HP: 27/32 MP: 5/12
  3547 | Sewer    | Reached skill level 5 in Spellcasting
  3640 | D:4      | Found an opulent altar of Gozag.
  4318 | D:4      | Reached XP level 7. HP: 36/36 MP: 10/15
  4675 | D:5      | Entered Level 5 of the Dungeon
  4688 | D:5      | Identified the +2 pair of boots of Piadwe {Str+6 Stlth+}
  5443 | D:5      | Reached XP level 8. HP: 35/41 MP: 14/19
  5651 | D:5      | Found a blossoming altar of Fedhas.
  5684 | D:5      | Found a broken altar of Ashenzari.
  5790 | D:6      | Noticed Eustachio
  6061 | D:6      | Reached skill level 1 in Conjurations
  6174 | D:6      | Noticed Duvessa
  6174 | D:6      | Noticed Dowan
  6196 | D:6      | Killed Duvessa
  6248 | D:6      | Killed Dowan
  6349 | D:6      | Killed Eustachio
  6480 | D:6      | Found a staircase to the Ecumenical Temple.
  6537 | D:6      | Found a bloodstained altar of Trog.
  6574 | D:6      | Reached skill level 5 in Conjurations
  6901 | D:6      | Reached skill level 1 in Fighting
  6901 | D:6      | Reached XP level 9. HP: 48/48 MP: 0/21
  7096 | D:6      | Reached skill level 3 in Fighting
  7323 | D:7      | Reached skill level 4 in Fighting
  7604 | D:7      | Reached skill level 5 in Fighting
  7750 | D:7      | Found a glowing silver altar of Zin.
  7790 | D:7      | Found a hide-covered altar of Uskayaw.
  8007 | D:7      | Reached skill level 6 in Fighting
  8204 | D:7      | Found a snail-covered altar of Cheibriados.
  8530 | D:8      | Reached skill level 7 in Fighting
  8849 | D:8      | Reached skill level 8 in Fighting
  8987 | D:8      | Reached skill level 9 in Fighting
  9280 | D:8      | Reached XP level 10. HP: 66/66 MP: 12/22
  9524 | D:8      | Reached skill level 10 in Fighting
 10237 | D:8      | Found a stormy altar of Qazlal.
 10360 | D:9      | Noticed a kobold demonologist
 10362 | D:9      | Noticed a kobold demonologist
 10366 | D:9      | Killed a kobold demonologist
 10367 | D:9      | Reached skill level 11 in Fighting
 10368 | D:9      | Killed a kobold demonologist
 10369 | D:9      | Noticed a kobold demonologist
 10418 | D:9      | Killed a kobold demonologist
 10639 | D:9      | Noticed Psyche
 10817 | D:9      | Found a burning altar of Makhleb.
 10897 | D:9      | Reached skill level 12 in Fighting
 11021 | D:9      | Noticed Erolcha
 11157 | Abyss:1  | Cast into level 1 of the Abyss (Erolcha)
 11180 | Abyss:1  | Noticed an orb spider
 11264 | Abyss:2  | Gained mutation: Your magical capacity is low. (-10% MP)
                  | [potion of mutation]
 11264 | Abyss:2  | Gained mutation: Your muscles are strong. (Str +4, Int/Dex
                  | -1) [potion of mutation]
 11264 | Abyss:2  | Gained mutation: You occasionally lose the ability to drink
                  | potions when taking damage. [potion of mutation]
 11264 | Abyss:2  | Gained mutation: You expend magic power (3 MP) to
                  | strengthen your wands. [potion of mutation]
 11267 | Abyss:2  | Slain by a flying skull

Illustrated notes

Levels and vault maps discovered:
D:1:      pf_arrival_petrified_forest, layout_basic,
          shapermc_ecumenical_altar_mp_urbaneastern
D:2:      layout_basic
D:3:      layout_rooms, lemuel_round_altar, ebering_ghost_disaster_area,
          serial_park_tiny_pond
D:4:      layout_basic, grunt_gozag_breadcrumbs, gup_sewer_entry_glass,
          chequers_avenue
D:5:      layout_rooms, mainiacjoe_overflow_two_lobes, minmay_puff
D:6:      layout_loops_ring, mainiacjoe_overflow_six_doors_small,
          minmay_temple_entry_gardened_gates, uniq_eustachio, uniq_duvessa
D:7:      kb_forest_paths, layout_gridville, lemuel_round_altar,
          mainiacjoe_overflow_paths, kennysheep_little_box
D:8:      layout_basic, grunt_qazlal_sundering, small_statue_intersection,
          minmay_diced_spiral
D:9:      layout_basic, okawaru_gym_becter, amcnicky_altar_gilded,
          nicolae_overflow_hidden_temple, erik_lair_dragon, uniq_erolcha,
          uniq_psyche
Abyss:2:  base: D:4, bh_silent_lugonu_exit

Skill      XL: |  1  2  3  4  5  6  7  8  9 10 |
---------------+-------------------------------+-----
Spellcasting   | 3 4 5 7 8 |  8.0
Earth Magic    | 4 6 |  6.0
Conjurations   | 6 |  6.0
Fighting       | 1 9 12 | 12.6
Dodging        | |  1.5
Stealth        | |  2.1
Transmutations | |  0.7

Action                   |  1- 3 |  4- 6 |  7- 9 | 10-12 || total
-------------------------+-------+-------+-------+-------++-------
Melee: Dagger            |     8 |     1 |    41 |    66 ||   116
       Punch             |     1 |       |     2 |       ||     3
 Cast: Sandblast         |    47 |    80 |    98 |       ||   225
       Stone Arrow       |       |       |    82 |    63 ||   145
  Use: Scroll            |       |     2 |     6 |     3 ||    11
       Potion            |       |       |       |     3 ||     3
Armor: Robe              |     9 |       |       |       ||     9
       Leather armour    |       |    24 |    80 |    51 ||   155
       Skin              |       |       |       |     1 ||     1
Dodge: Dodged            |     8 |    49 |    91 |    60 ||   208
